 Dungeon Crawl Stone Soup version 0.29-a0-322-g68df515428 (webtiles) character file.

Game seed: 18256784426192853006

300405 ooooo the Bewitcher (level 21, -5/184 HPs)
             Began as an Octopode Conjurer on Apr 9, 2022.
             Was an Initiate of Gozag.
             Slain by a vault warden
             ... wielding a +1 glaive of distortion
              (12 damage)
             ... on level 3 of the Vaults.
             The game lasted 04:28:30 (90532 turns).

ooooo the Bewitcher (Octopode Conjurer)            Turns: 90532, Time: 04:28:31

Health: -5/184     AC: 46    Str: 22    XL:     21   Next: 1%
Magic:  31/36      EV: 21    Int: 34    God:    Gozag
Gold:   5434       SH:  5    Dex: 12    Spells: 8/43 levels left

rFire   + + +      SeeInvis +   I - +10 dark maul {vorpal}
rCold   + + .      Faith    .   (shield currently unavailable)
rNeg    + . .      Spirit   .   n - +5 hat of Run Adarchiw {Str+4}
rPois   ∞          Reflect  +   U - amulet "Butodi" {Reflect rF++ Str+4 Int+6 SH+5}
rElec   +          Harm     .   w - ring of protection from fire
rCorr   +          Rampage  .   x - ring of the Tortoise {AC+8}
Will    ++...                   v - ring of Shadows {Umbra +Inv Stlth+} Stlth **++++++++
                                M - +4 ring of evasion
HPRegen 0.40/turn               l - +4 ring of protection
MPRegen 0.25/turn               g - ring "Ryjeo" {rPois rF+ rC+ Str+6}
                                b - ring of Odiluid {rElec rC+ rCorr SInv}
                                p - ring of willpower

@: statue-form (expiring), gold aura, very slightly contaminated, wreathed by
umbra, very slow
A: slow and powerful, torment resistance 1, boosted hp, almost no armour,
amphibious, 8 rings, camouflage 1, (gelatinous body 1), (nimble swimmer 1),
tentacles
}: 2/15 runes: serpentine, barnacled
a: End Transformation, Renounce Religion, Evoke Invisibility, Potion Petition,
Call Merchant, Bribe Branch


You were on level 3 of the Vaults.
You worshipped Gozag.
Gozag was greatly pleased with you.
You were a living statue of rough stone.
You visited 7 branches of the dungeon, and saw 34 of its levels.
You visited the Abyss 1 time.
You also visited: Desolation.

You collected 15552 gold pieces.
You spent 5674 gold pieces at shops.
You paid 4444 gold pieces to Gozag.

Inventory:

Hand Weapons
 G - the +1 halberd of Fiegan {venom, rElec Will+}
   (You found it in the Desolation of Salt)

   It poisons the flesh of those it strikes.
   rElec:     It insulates you from electricity.
   Will:      It increases your willpower.
 I - the +10 dark maul (weapon) {vorpal}
   (You found it in the Desolation of Salt)

   It inflicts extra damage upon your enemies.
 K - a +3 dagger of protection
 N - a +2 dagger of speed
Missiles
 O - 6 curare-tipped darts
Armour
 n - the +5 hat of Run Adarchiw (worn) {Str+4}
   (You acquired it on level 6 of the Lair of Beasts)

   Str:       It affects your strength (+4).
Magical Staves
 q - a staff of conjuration
 A - a staff of cold
Jewellery
 b - the ring of Odiluid (on tentacle) {rElec rC+ rCorr SInv}
   (You found it on level 3 of the Snake Pit)

   [ring of protection from cold]

   rC:        It protects you from cold.
   rElec:     It insulates you from electricity.
   SInv:      It lets you see invisible.
   rCorr:     It protects you from acid and corrosion.
 g - the ring "Ryjeo" (on tentacle) {rPois rF+ rC+ Str+6}
   (You bought it in a shop on level 3 of the Dungeon)

   [ring of strength]

   Str:       It affects your strength (+6).
   rF:        It protects you from fire.
   rC:        It protects you from cold.
   rPois:     It protects you from poison.
 l - a +4 ring of protection (on tentacle)
 o - the brooch of Shielding {Spirit SH+8}
   (You found it in the Desolation of Salt)

   [amulet of guardian spirit]

   It causes incoming damage to be divided between your reserves of health and
   magic.
   SH:        It affects your SH (+8).
 p - a ring of willpower (on tentacle)
 v - the ring of Shadows (on tentacle) {Umbra +Inv Stlth+}
   (You bought it in a shop on level 4 of the Snake Pit)

   [ring of stealth]

   It surrounds you with an aura of shadow, increasing your stealth and reducing
   the accuracy of all others within it.
   +Inv:      It lets you turn invisible.
   Stlth:     It makes you more stealthy.
 w - a ring of protection from fire (left tentacle)
 x - the ring of the Tortoise (right tentacle) {AC+8}
   (You found it on level 4 of the Dungeon)

   [ring of protection]

   AC:        It affects your AC (+8).
 y - a ring of fire
 C - a ring of protection from cold
 F - the ring "Xeami" {Wiz rElec rN+ Str-3}
   (You took it off a merfolk on level 4 of the Shoals)

   [ring of wizardry]

   It improves your spell success rate.
   Str:       It affects your strength (-3).
   rElec:     It insulates you from electricity.
   rN:        It protects you from negative energy.
 H - the ring "Ifaufaal" {*Slow rC+ rCorr Str+7 Int-3}
   (You took it off an imperial myrmidon in the Desolation of Salt)

   [ring of protection from cold]

   Str:       It affects your strength (+7).
   Int:       It affects your intelligence (-3).
   rC:        It protects you from cold.
   rCorr:     It protects you from acid and corrosion.
   *Slow:     It may slow you when you take damage.
 J - a ring of flight
 M - a +4 ring of evasion (on tentacle)
 U - the amulet "Butodi" (around mantle) {Reflect rF++ Str+4 Int+6 SH+5}
   (You found it on level 4 of the Snake Pit)

   [amulet of reflection]

   It reflects blocked missile attacks.
   Str:       It affects your strength (+4).
   Int:       It affects your intelligence (+6).
   rF:        It greatly protects you from fire.
   SH:        It affects your SH (+5).
Wands
 r - a wand of digging (20)
 E - a wand of iceblast (3)
 P - a wand of acid (7)
 T - a wand of paralysis (4)
 V - a wand of charming (2)
Scrolls
 a - a scroll of silence
 h - 7 scrolls of teleportation
 s - 10 scrolls of immolation
 u - 4 scrolls of fog
 z - 5 scrolls of magic mapping
 R - 2 scrolls of holy word
 Y - 2 scrolls of blinking
 Z - 2 scrolls of vulnerability
Potions
 c - a potion of brilliance
 d - 7 potions of invisibility
 i - a potion of berserk rage
 j - 9 potions of cancellation
 k - 17 potions of curing
 m - 6 potions of haste
 B - 4 potions of heal wounds
 D - 4 potions of lignification
 L - 2 potions of resistance
 W - a potion of magic
 X - a potion of mutation
Miscellaneous
 e - a condenser vane
 f - a box of beasts
 Q - a tin of tremorstones (2/2)
 S - a lightning rod (4/4)


   Skills:
 + Level 11.8 Fighting
 - Level 1.8 Short Blades
 + Level 12.0 Dodging
 + Level 16.6 Stealth
 * Level 11.8 Spellcasting
 * Level 16.9 Conjurations
 * Level 18.1 Hexes
 - Level 11.3 Translocations
 * Level 11.5 Transmutations
 * Level 11.7 Earth Magic


You had 8 spell levels left.
You knew the following spells:

 Your Spells              Type           Power      Damage    Failure   Level
a - Iron Shot             Conj/Erth      43%        9d8       1%          6
c - Fulminant Prism       Conj/Hex       47%        3d21      0%          4
d - Iskenderun's Mystic   Conj/Tloc      86%        2d17      1%          4
m - Mephitic Cloud        Conj/Pois/Air  55%        N/A       1%          3
o - Orb of Destruction    Conj           47%        9d12      1%          7
s - Statue Form           Tmut/Erth      52%        N/A       2%          6
R - Irradiate             Conj/Tmut      43%        3d27      1%          5

Your spell library contained the following spells:

 Spells                   Type           Power      Damage    Failure   Level
 Magic Dart               Conj           100%       1d8       0%          1
 Searing Ray              Conj           100%       2d8       0%          2
 Dazzling Flash           Conj/Hex       100%       N/A       0%          3
 Cause Fear               Hex            48%        N/A       0%          4
 Apportation              Tloc           100%       N/A       1%          1
 Beastly Appendage        Tmut           100%       N/A       1%          1
 Ensorcelled Hibernation  Hex/Ice        100%       N/A       1%          2
 Passwall                 Tmut/Erth      65%        N/A       1%          2
 Static Discharge         Conj/Air       67%        N/A       1%          2
 Wereblood                Tmut           78%        N/A       1%          2
 Ignite Poison            Fire/Tmut/Pois 46%        N/A       1%          3
 Inner Flame              Hex/Fire       69%        N/A       1%          3
 Hailstorm                Conj/Ice       67%        3d14      1%          4
 Petrify                  Tmut/Erth      79%        N/A       1%          4
 Sticky Flame             Conj/Fire      67%        2d8       1%          4
 Blade Hands              Tmut           39%        N/A       1%          5
 Lee's Rapid Deconstruct  Erth           39%        3d20*     1%          5
 Freeze                   Ice            80%        1d9       2%          1
 Pain                     Necr           80%        1d8       2%          1
 Corpse Rot               Necr/Air       40%        N/A       3%          2
 Sublimation of Blood     Necr           20%        N/A       3%          2
 Borgnjor's Vile Clutch   Necr/Erth      28%        N/A       5%          5
 Freezing Cloud           Conj/Ice/Air   27%        6-21      6%          5
 Frozen Ramparts          Ice            40%        1d6       7%          3
 Swiftness                Air            20%        N/A       7%          3
 Discord                  Hex            48%        N/A       9%          8
 Animate Dead             Necr           10%        N/A       22%         4
 Dispel Undead            Necr           20%        3d11      22%         4
 Summon Lightning Spire   Summ/Air       20%        N/A       22%         4
 Storm Form               Tmut/Air       28%        N/A       86%         7
 Death Channel            Necr           10%        N/A       98%         6
 Maxwell's Capacitive Co  Air            10%        ∞         100%        8
 Animate Armour           Summ/Erth      Unusable   N/A       N/A         4

Dungeon Overview and Level Annotations

Branches:
Dungeon (14/15)            Temple (1/1) D:7            Lair (6/6) D:10
 Shoals (4/4) Lair:4        Snake (4/4) Lair:4        Slime (0/5) Lair:6
    Orc (2/2) D:12            Elf (0/3) Orc:2        Vaults (2/5) D:14
Desolation (visited)
  Crypt: Vaults:2-3

Altars:
Ashenzari
Cheibriados
Dithmenos
Elyvilon
Fedhas
Gozag
Hepliaklqana
Kikubaaqudgha
Makhleb
Nemelex Xobeh
Okawaru
Qazlal
Ru
Sif Muna
Trog
Uskayaw
Vehumet
Wu Jian
Xom
Yredelemnul
Zin
The Shining One
Beogh

Shops:
D:3 =   D:10 :*:   D:11 =   Orc:2 :*=([   Shoals:3 *   Snake:4 ??=   Vaults:1 *
Vaults:2 =

Annotations:
D:12 2 transporters, SirDiesAlot's ghost, journeyman DEEE
Snake:1 Roxanne
Vaults:2 2 transporters, gimp's ghost, adept FoWn


Innate Abilities, Weirdness & Mutations

You are a living statue of rough stone.
Your actions are slow, but your melee attacks are powerful.
You are resistant to unholy torment.
Your maximum health is greatly increased.
You are immune to poison.
You cannot wear most types of armour.
You are amphibious.
You can wear up to eight rings at the same time.
Your skin changes colour to match your surroundings (Stealth+).
((Your rubbery body absorbs attacks. (AC +1, EV +1)))
((You are camouflaged when in or above water. (Stealth+)))
You have tentacles for arms and can constrict up to eight enemies at once.


Message History

The vault guard barely misses you.
The vault guard hits you with a +2 battleaxe.
The vault warden completely misses you.
The vault warden hits you from afar with a +1 glaive of distortion!!
Space warps around you.
The vault guard hits you but does no damage.
The vault guard completely misses you. The vault warden completely misses you.
The vault guard hits you but does no damage.
The vault guard barely misses you. x2; The vault guard completely misses you.
The vault warden hits you from afar with a +1 glaive of distortion!
* * * LOW HITPOINT WARNING * * *
You blink.
Casting: Statue Form (mildly dangerous; 2% risk of failure)
Confirm with . or Enter, or press ? or * to list all spells.
Okay, then.
Casting: Statue Form (mildly dangerous; 2% risk of failure)
Confirm with . or Enter, or press ? or * to list all spells.
You erupt in a fountain of uncontrolled magic!
The vault sentinel shouts!
The vault sentinel is blasted with magical radiation!!!
The vault sentinel is no longer distracted by gold.
The vault sentinel is severely wounded.
The vault sentinel twists and deforms.
The vault warden is blasted with magical radiation!!
The vault warden is moderately wounded.
The vault warden twists and deforms.
You are very lightly contaminated with residual magic.
You block the vault sentinel's attack.
The vault guard hits you from afar with a +0 halberd!
* * * LOW HITPOINT WARNING * * *
Your transformation is almost over.
The vault sentinel hits you with a +0 morningstar.
* * * LOW HITPOINT WARNING * * *
The vault guard hits you with a +0 halberd!
* * * LOW HITPOINT WARNING * * *
The vault guard hits you with a +2 battleaxe!
* * * LOW HITPOINT WARNING * * *
The vault warden hits you with a +1 glaive of distortion!
You die...
Your body crumbles into a pile of gold.

######### ........####
......... #####....##.#
#.....p.....#
#..#..p8######
#......pp#$#.#
#####...$....#
#####+############+#######
.........................#
.........................#
.........................+
...............).........#
.........................#


You could see a vault warden (misshapen), 2 vault guards and a vault sentinel
(misshapen).

Vanquished Creatures
  Bai Suzhen (Shoals:4)
  Jory (Vaults:2)
  A bone dragon (Abyss:4)
  Asterion (Snake:1)
  The ghost of zishaf the Tortoise, an adept BaHu of Cheibriados (Shoals:4)
  Frances (D:14)
  Polyphemus (Shoals:3)
  2 sphinxes
  2 krakens
  Kirke (Lair:6)
  The ghost of FizzleBang the Slicer, an adept KoBr of Wu Jian (Snake:3)
  Ilsuiw (Shoals:2)
  7 nagarajas
  A frost giant (Vaults:2)
  7 vault wardens
  4 imperial myrmidons (Desolation)
  An orc warlord (Orc:2)
  A draconian shifter (Abyss:4)
  Aizul (Snake:1)
  8 ironbound preservers
  A war gargoyle (Vaults:2)
  4 very ugly things
  A juggernaut skeleton (Abyss:4)
  Nessos (D:14)
  6 ironbound thunderhulks
  3 minotaurs (Shoals:4)
  An entropy weaver (Vaults:2)
  12 dire elephants
  An eidolon (Abyss:4)
  2 merfolk javelineers (Shoals:4)
  4 merfolk impalers
  A green death (Abyss:4)
  A deep elf death mage (Vaults:2)
  2 crystal guardians (Desolation)
  7 yaktaur captains
  A fire dragon (Lair:6)
  Harold (D:9)
  5 ragged hierophants (Desolation)
  6 boulder beetles
  2 great orbs of eyes (Vaults:1)
  7 naga warriors
  11 peacekeepers
  5 vault guards
  5 salamander tyrants
  7 ironbound frosthearts
  7 servants of whispers (Desolation)
  A merfolk aquamancer (Shoals:3)
  6 hydras
  A death knight (D:13)
  3 catoblepae
  11 satyrs
  7 two-headed ogres
  5 centaur warriors
  2 merfolk avatars
  13 anacondas
  6 death yaks
  A tengu warrior (D:14)
  5 shock serpents
  A thrashing horror (Abyss:4)
  An orc high priest (Orc:2)
  A wretched star (Abyss:4)
  21 naga sharpshooters
  Nergalle (Lair:4)
  A spatial maelstrom (Abyss:4)
  A death drake (Abyss:4)
  11 deep trolls (Vaults:2)
  3 salamander mystics
  6 sea snakes
  A swamp dragon (Lair:6)
  6 large abominations (Abyss:4)
  8 lindwurms
  10 ironbound convokers
  10 naga ritualists
  A wizard (D:14)
  3 orc knights (Orc:2)
  35 harpies
  2 deep elf pyromancers
  2 necromancers
  10 ugly things
  14 salamanders
  12 mana vipers
  25 fauns
  4 orc sorcerers (Orc:2)
  4 cyclopes
  22 manticores
  21 elephants
  A salamander (shapeshifter) (D:14)
  An elephant (shapeshifter) (Vaults:2)
  5 guardian serpents
  Joseph (D:8)
  10 merfolk sirens
  24 naga magi
  40 black mambas
  10 vault sentinels
  Maurice (D:10)
  7 water nymphs
  2 smoke demons (Abyss:4)
  20 cane toads
  Maggie (D:9)
  2 gargoyles
  An efreet (D:14)
  15 yaktaurs
  4 rime drakes
  2 elf skeletons (Vaults:2)
  10 komodo dragons
  2 freezing wraiths
  2 ancient zymes (Abyss:4)
  8 polar bears
  28 merfolk
  A hornet (D:7)
  8 trolls
  3 wind drakes
  55 saltlings (Desolation)
  5 blink frogs (Lair:6)
  8 raiju (Abyss:4)
  26 slime creatures
  6 snapping turtles
  Prince Ribbit (D:8)
  18 dream sheep
  3 starcursed masses (Abyss:4)
  4 flying skulls (Abyss:4)
  3 shadows (D:10)
  8 water elementals
  An ettin skeleton (Vaults:2)
  2 ynoxinuls (Abyss:4)
  57 yaks
  A spriggan (shapeshifter) (Abyss:4)
  A wraith (D:12)
  9 wyverns
  4 hogs (Lair:6)
  A redback (Vaults:2)
  3 basilisks
  3 steam dragons
  A human simulacrum (Vaults:2)
  A neqoxec (Abyss:4)
  2 wargs (Orc:2)
  4 acid dragons
  59 nagas
  2 swamp drakes (Lair:6)
  12 water moccasins
  A sky beast (D:6)
  23 orc warriors
  An ogre (D:5)
  A black bear (Lair:1)
  14 centaurs
  31 wolves
  A kobold brigand (D:9)
  2 phantoms (D:4)
  8 bullfrogs
  2 necrophages
  2 scorpions
  A gnoll sergeant (D:9)
  4 wights (D:8)
  9 killer bees (D:9)
  18 electric eels
  8 orc priests
  A gnoll shaman (D:7)
  4 hounds
  2 jellies
  6 iguanas
  32 orc wizards
  A small abomination (Abyss:4)
  10 gnolls
  15 adders
  A white imp (D:6)
  2 ufetubi
  2 worms (D:2)
  5 dart slugs
  79 orcs
  8 ball pythons
  6 bats
  9 endoplasms
  7 giant cockroaches
  13 goblins
  6 hobgoblins
  7 jackals (D:1)
  4 quokkas
  4 frilled lizards
  11 kobolds
  5 rats
  2 bushes (Lair:6)
  4 fulminant prisms
1327 creatures vanquished.

Vanquished Creatures (collateral kills)
  A yaktaur (Vaults:2)
1 creature vanquished.

Vanquished Creatures (others)
  A deep troll (Vaults:2)
  A spriggan simulacrum (Abyss:4)
  A manticore (Shoals:4)
  A yak (Lair:2)
  7 large abominations (Abyss:4)
  7 golden eyes (Abyss:4)
  A basilisk (Abyss:4)
  9 small abominations (Abyss:4)
  An ufetubus (Abyss:4)
  A bush (Lair:6)
  593 fulminant prisms
  45 fungi
  A lurking horror (Abyss:4)
  A pillar of salt (Vaults:1)
  232 plants
  8 tentacles
910 creatures vanquished.

Grand Total: 2238 creatures vanquished

Notes
Turn   | Place    | Note
-------+----------+-------------------------------------------
     0 | D:1      | ooooo the Octopode Conjurer began the quest for the Orb.
     0 | D:1      | Reached XP level 1. HP: 11/11 MP: 3/3
   355 | D:1      | Reached XP level 2. HP: 18/18 MP: 0/5
  1191 | D:1      | Reached XP level 3. HP: 22/22 MP: 6/6
  1299 | D:1      | Found a faded altar of an unknown god.
  1357 | D:1      | Learned a level 2 spell: Searing Ray
  1912 | D:2      | Reached skill level 1 in Fighting
  1912 | D:2      | Reached XP level 4. HP: 19/28 MP: 3/7
  2071 | D:2      | Reached skill level 1 in Short Blades
  2833 | D:2      | Learned a level 4 spell: Fulminant Prism
  2985 | D:3      | Found Muasustri's Jewellery Boutique.
  3213 | D:3      | Reached XP level 5. HP: 33/33 MP: 3/8
  3440 | D:3      | Reached skill level 1 in Hexes
  3825 | D:3      | Reached XP level 6. HP: 38/38 MP: 5/10
  4310 | D:3      | Reached skill level 5 in Conjurations
  4530 | D:4      | Reached skill level 2 in Hexes
  5038 | D:4      | Reached XP level 7. HP: 38/45 MP: 5/11
  5092 | D:4      | Learned a level 4 spell: Iskenderun's Mystic Blast
  5715 | D:4      | Found the ring of the Tortoise {AC+8}
  5949 | D:5      | Entered Level 5 of the Dungeon
  6054 | D:5      | Reached skill level 1 in Translocations
  6215 | D:5      | Reached skill level 3 in Hexes
  6531 | D:5      | Reached skill level 5 in Stealth
  6531 | D:5      | Reached XP level 8. HP: 39/51 MP: 2/13
  8413 | D:7      | Found a staircase to the Ecumenical Temple.
  8425 | Temple   | Entered the Ecumenical Temple
  8603 | Temple   | Became a worshipper of Gozag Ym Sagoz the Greedy
  8695 | D:7      | Reached skill level 4 in Hexes
  9167 | D:7      | Noticed a hornet
  9176 | D:7      | Killed a hornet
  9395 | D:8      | Noticed Joseph
  9735 | D:4      | Reached XP level 9. HP: 31/57 MP: 0/14
 10269 | D:8      | Found a glowing golden altar of the Shining One.
 10308 | D:8      | Noticed Prince Ribbit
 10314 | D:8      | Killed Prince Ribbit
 10508 | D:8      | Found a sacrificial altar of Ru.
 10776 | D:8      | Killed Joseph
 10777 | D:8      | Reached skill level 5 in Hexes
 11836 | D:9      | Noticed a troll
 11849 | D:9      | Noticed Maggie
 12175 | D:9      | Reached skill level 5 in Translocations
 12247 | D:9      | Killed Maggie
 12248 | D:9      | Reached XP level 10. HP: 65/65 MP: 1/16
 12583 | D:9      | Reached skill level 6 in Hexes
 12798 | D:9      | Reached skill level 5 in Dodging
 13059 | D:9      | Noticed a two-headed ogre
 13073 | D:9      | Killed a two-headed ogre
 13326 | D:9      | Noticed Harold
 13500 | D:9      | Killed Harold
 14218 | D:9      | Noticed a two-headed ogre
 14224 | D:9      | Killed a two-headed ogre
 14225 | D:9      | Reached skill level 5 in Fighting
 14225 | D:9      | Reached skill level 5 in Spellcasting
 14337 | D:9      | Found a shimmering altar of Xom.
 14337 | D:9      | Found a shimmering altar of Xom.
 14337 | D:9      | Found a shimmering altar of Xom.
 14379 | D:9      | Found a shimmering altar of Xom.
 14379 | D:9      | Found a shimmering altar of Xom.
 14380 | D:9      | Found a shimmering altar of Xom.
 14381 | D:9      | Found a shimmering altar of Xom.
 14381 | D:9      | Found a shimmering altar of Xom.
 14381 | D:9      | Found a shimmering altar of Xom.
 14381 | D:9      | Found a shimmering altar of Xom.
 14429 | D:10     | Entered Level 10 of the Dungeon
 14431 | D:10     | Noticed Maurice
 14437 | D:10     | Killed Maurice
 14438 | D:10     | Reached skill level 7 in Hexes
 14438 | D:10     | Reached XP level 11. HP: 62/71 MP: 0/18
 14634 | D:10     | Noticed a two-headed ogre
 15353 | D:10     | Found a bloodstained altar of Trog.
 15565 | D:10     | Killed a two-headed ogre
 17162 | D:10     | Found a staircase to the Lair.
 17444 | Lair:1   | Entered Level 1 of the Lair of Beasts
 17731 | Lair:1   | Reached skill level 8 in Hexes
 18103 | Lair:1   | Reached XP level 12. HP: 79/79 MP: 5/20
 19414 | D:10     | Bought a potion of curing for 45 gold pieces
 19414 | D:10     | Bought a scroll of amnesia for 52 gold pieces
 19414 | D:10     | Bought a scroll of identify for 30 gold pieces
 19871 | Lair:2   | Noticed a catoblepas
 20211 | Lair:2   | Reached skill level 10 in Conjurations
 20993 | Lair:2   | Reached skill level 9 in Hexes
 21598 | Lair:2   | Killed a catoblepas
 21730 | Lair:2   | Reached skill level 10 in Stealth
 22323 | Lair:2   | Identified a scroll of acquirement
 22323 | Lair:2   | Acquired 282 gold pieces
 22836 | Lair:3   | Reached XP level 13. HP: 82/85 MP: 3/22
 24623 | Lair:4   | Found a staircase to the Snake Pit.
 24979 | Lair:4   | Reached skill level 10 in Hexes
 25412 | Lair:4   | Noticed Nergalle
 25418 | Lair:4   | Killed Nergalle
 25562 | Lair:4   | Found a staircase to the Shoals.
 26215 | Lair:4   | Reached skill level 10 in Translocations
 27379 | Lair:4   | Identified the +0 pair of gloves "Epralax" {Regen+}
 29479 | Lair:6   | Entered Level 6 of the Lair of Beasts
 29493 | Lair:6   | Reached XP level 14. HP: 93/93 MP: 16/25
 30978 | Lair:6   | Found a staircase to the Slime Pits.
 31372 | Lair:6   | Reached skill level 11 in Hexes
 33335 | Lair:6   | Noticed Kirke
 33357 | Lair:6   | Killed Kirke
 35816 | Lair:6   | Acquired the +5 hat of Run Adarchiw {Str+4}
 36183 | D:3      | Bought the ring "Ryjeo" {rPois rF+ rC+ Str+6} for 837 gold
                  | pieces
 36188 | D:3      | Bought a +4 ring of protection for 360 gold pieces
 36364 | D:10     | Learned a level 3 spell: Mephitic Cloud
 36369 | D:10     | Learned a level 4 spell: Cause Fear
 36369 | D:10     | Bought the Tome of Earth for 416 gold pieces
 36378 | D:10     | Learned a level 6 spell: Iron Shot
 37077 | D:11     | Reached skill level 1 in Earth Magic
 37499 | D:11     | Reached skill level 12 in Hexes
 37826 | D:11     | Found Ycraraf's Jewellery Shop.
 37946 | D:11     | Reached XP level 15. HP: 90/100 MP: 2/27
 40121 | D:12     | Identified the +1 leather armour "Geannef" {rC+ rCorr}
 40621 | D:12     | Learned a level 5 spell: Irradiate
 40648 | D:12     | Found a staircase to the Orcish Mines.
 40888 | D:12     | Found a transporter.
 40900 | D:12     | Noticed SirDiesAlot's ghost (journeyman DEEE)
 41051 | D:12     | Found a transporter.
 41553 | D:12     | Identified the +0 shadow dragon scales of Morality {Rampage
                  | Str-4 Int+2 Stlth++++}
 41986 | Orc:1    | Entered Level 1 of the Orcish Mines
 42322 | Orc:1    | Reached skill level 1 in Transmutations
 42927 | Orc:2    | Entered Level 2 of the Orcish Mines
 43338 | Orc:2    | Found a staircase to the Elven Halls.
 43371 | Orc:2    | Found Goshred's Jewellery Emporium.
 43489 | Orc:2    | Found a shimmering blue altar of Sif Muna.
 43512 | Orc:2    | Got Sif Muna's Catalogue of Displacement
 44470 | Orc:2    | Noticed an orc warlord
 44502 | Orc:2    | Killed an orc warlord
 44800 | Orc:2    | Found Jacvufidgh's Antique Armour Boutique.
 44813 | Orc:2    | Found Eloit Taih's General Store.
 44980 | Orc:2    | Bought a scroll of magic mapping for 63 gold pieces
 45089 | Orc:2    | Found Iggexzum's Book Boutique.
 45112 | Orc:2    | Found Unwam's Antique Weapon Boutique.
 45326 | Orc:2    | Bought the Compendium of Mutagenic Evil for 560 gold pieces
 45326 | Orc:2    | Bought the Tome of Weightlessness and Attacks for 476 gold
                  | pieces
 45358 | Orc:2    | Bought a crude morningstar for 351 gold pieces
 45358 | Orc:2    | Identified the +2 morningstar "Lecvulat" {pain, rC+} (You
                  | bought it in a shop on level 2 of the Orcish Mines)
 45543 | Snake:1  | Entered Level 1 of the Snake Pit
 45770 | Snake:1  | Noticed Roxanne
 46084 | Snake:1  | Reached skill level 13 in Hexes
 46508 | Snake:1  | Noticed Asterion
 47840 | Snake:1  | Noticed a cacodemon
 48423 | Snake:1  | Noticed a balrug
 48472 | Snake:2  | Reached XP level 16. HP: 90/108 MP: 5/28
 48969 | Snake:2  | Reached skill level 5 in Earth Magic
 49475 | Snake:1  | Noticed Aizul
 49485 | Snake:1  | Killed Aizul
 49821 | Snake:1  | Noticed an Executioner
 50490 | Snake:1  | Killed Asterion
 52243 | Snake:2  | HP: 5/108 [salamander tyrant (26)]
 52938 | Snake:2  | Reached skill level 14 in Hexes
 54215 | Snake:2  | Reached skill level 5 in Transmutations
 55065 | Snake:3  | Identified the ring of Odiluid {rElec rC+ rCorr SInv}
 55866 | Snake:3  | Acquired the ring of Epyuquc {+Blink rF+++ Will- Int+6
                  | Slay+3}
 56047 | Snake:3  | Noticed a nagaraja
 56062 | Snake:3  | Killed a nagaraja
 56189 | Snake:3  | Found a runed translucent door.
 56193 | Snake:3  | Noticed FizzleBang's ghost (adept KoBr)
 57224 | Snake:4  | Entered Level 4 of the Snake Pit
 57224 | Snake:4  | Found Rettot's Jewellery Shoppe.
 57231 | Snake:4  | Found Fuat's Magic Scroll Emporium.
 57233 | Snake:4  | Found Kow Keul's Magic Scroll Shoppe.
 57237 | Snake:4  | Bought the ring of Shadows {Umbra +Inv Stlth+} for 800 gold
                  | pieces
 57237 | Snake:4  | Bought a ring of willpower for 500 gold pieces
 57237 | Snake:4  | Found the ring of Shadows {Umbra +Inv Stlth+}
 57247 | Snake:4  | Bought a scroll of blinking for 120 gold pieces
 57247 | Snake:4  | Bought a scroll of teleportation for 48 gold pieces
 57247 | Snake:4  | Bought a scroll of immolation for 56 gold pieces
 57247 | Snake:4  | Bought a scroll of vulnerability for 120 gold pieces
 57249 | Snake:4  | Bought a scroll of fog for 24 gold pieces
 57249 | Snake:4  | Bought a scroll of immolation for 42 gold pieces
 57249 | Snake:4  | Bought a scroll of magic mapping for 42 gold pieces
 58277 | Snake:4  | Identified the amulet "Butodi" {Reflect rF++ Str+4 Int+6
                  | SH+5}
 58287 | Snake:4  | Noticed a nagaraja
 58295 | Snake:4  | Killed a nagaraja
 58296 | Snake:4  | Reached XP level 17. HP: 68/114 MP: 13/30
 58301 | Snake:4  | Reached skill level 15 in Hexes
 58302 | Snake:4  | Reached skill level 10 in Dodging
 60513 | Snake:3  | Learned a level 6 spell: Statue Form
 61928 | Snake:4  | Reached skill level 10 in Fighting
 63368 | Snake:4  | Got a serpentine rune of Zot
 63592 | Snake:3  | Cast into level 4 of the Abyss (FizzleBang's ghost)
 63998 | Abyss:4  | Noticed a bone dragon
 64005 | Abyss:4  | Killed a bone dragon
 64685 | Abyss:4  | Noticed a lich
 64690 | Abyss:4  | Noticed a tentacled starspawn
 64691 | Abyss:4  | HP: 4/149 [smoke demon/divine providence (10)]
 64699 | Snake:3  | Escaped the Abyss
 64741 | Snake:3  | Killed FizzleBang's ghost
 65515 | Shoals:1 | Entered Level 1 of the Shoals
 66588 | Shoals:1 | Reached skill level 16 in Hexes
 66884 | Shoals:1 | Found a sacrificial altar of Ru.
 66889 | Shoals:1 | Noticed a kraken
 67318 | Shoals:1 | Noticed a kraken
 67330 | Shoals:1 | Killed a kraken
 69093 | Shoals:2 | Reached XP level 18. HP: 122/122 MP: 21/31
 69348 | Shoals:2 | Reached skill level 15 in Conjurations
 69654 | Shoals:2 | Noticed Ilsuiw
 69667 | Shoals:2 | Killed Ilsuiw
 70614 | Shoals:3 | Found Yhiemu's General Store.
 70615 | Shoals:3 | Identified the +5 trident of Demand {freeze, rC+}
 71010 | Shoals:3 | Bought 2 potions of cancellation for 192 gold pieces
 71010 | Shoals:3 | Bought a potion of haste for 120 gold pieces
 71085 | Shoals:3 | Noticed Polyphemus
 71115 | Shoals:3 | Killed Polyphemus
 71962 | Shoals:3 | Noticed zishaf's ghost (adept BaHu)
 71969 | Shoals:3 | Found a runed translucent door.
 71978 | Shoals:3 | Reached skill level 15 in Stealth
 72835 | Shoals:3 | HP: 5/183 [zishaf's ghost (11)]
 72840 | Shoals:3 | HP: 5/122 [zishaf's ghost (8)]
 73686 | Shoals:4 | Entered Level 4 of the Shoals
 74085 | Shoals:4 | Killed zishaf's ghost
 74375 | Shoals:4 | Noticed Bai Suzhen
 74646 | Shoals:4 | Killed Bai Suzhen
 75408 | Shoals:4 | Reached skill level 10 in Spellcasting
 76328 | Shoals:4 | Identified the ring "Xeami" {Wiz rElec rN+ Str-3}
 76330 | Shoals:4 | Identified the ring "Keunoug" {*Corrode +Blink rPois rF+
                  | Stlth-}
 77040 | Shoals:4 | Found the amulet of the Air {Inacc Air Fly rElec RMsl}
 77114 | Shoals:4 | Reached skill level 17 in Hexes
 78043 | Shoals:4 | Reached XP level 19. HP: 112/127 MP: 26/33
 78411 | Shoals:4 | Got a barnacled rune of Zot
 78950 | Lair:1   | Learned a level 7 spell: Orb of Destruction
 80080 | D:14     | Noticed Frances
 80107 | D:14     | Killed Frances
 80497 | D:14     | Found a gate to the Vaults.
 80791 | D:14     | Reached skill level 10 in Earth Magic
 81035 | D:14     | Noticed Nessos
 81860 | D:14     | Killed Nessos
 82948 | Vaults:1 | Entered Level 1 of the Vaults
 83227 | Vaults:1 | Found a crumbling gateway.
 83262 | Desolati | Entered the Desolation of Salt
 83296 | Desolati | Found the brooch of Shielding {Spirit SH+8}
 83316 | Desolati | Identified the +1 halberd of Fiegan {venom, rElec Will+}
 83396 | Desolati | Reached skill level 10 in Transmutations
 84924 | Desolati | Identified the ring "Ifaufaal" {*Slow rC+ rCorr Str+7
                  | Int-3}
 85237 | Desolati | Found the +10 dark maul {vorpal}
 85255 | Desolati | Identified the +7 plate armour of Qaeroham {Will+ rCorr}
 85723 | Vaults:1 | Reached XP level 20. HP: 130/135 MP: 14/34
 85747 | Vaults:1 | Identified the +1 leather armour of Tenacity {Str+4 SInv}
 87252 | Vaults:1 | Found Xeffuq's General Store.
 87264 | Vaults:1 | Bought a potion of mutation for 112 gold pieces
 87264 | Vaults:1 | Bought a wand of acid (2) for 168 gold pieces
 87264 | Vaults:1 | Bought a potion of haste for 140 gold pieces
 88399 | Vaults:2 | Found Cophiv's Jewellery Shoppe.
 88436 | Vaults:2 | Noticed Jory
 88448 | Vaults:2 | Killed Jory
 88661 | Vaults:2 | Found a transporter.
 88661 | Vaults:2 | Noticed gimp's ghost (adept FoWn)
 88687 | Vaults:2 | Found a transporter.
 89102 | Vaults:2 | Reached skill level 18 in Hexes
 90322 | Vaults:2 | You fall into a shaft and drop 1 floor!
 90529 | Vaults:3 | Reached XP level 21. HP: 139/142 MP: 36/36
 90532 | Vaults:3 | HP: 7/184 [vault guard/+2 battleaxe[a vault warden] (16)]
 90532 | Vaults:3 | Slain by a vault warden

Illustrated notes

Levels and vault maps discovered:
D:1:      wander_arrival_lonely_grave, layout_basic, basic_ecumenical_altar
D:2:      layout_loops_cross, dreamdust_princess_corridor, minmay_pentomino_o2
D:3:      cheibrodos_pilgrimage, layout_loops_corners, serial_shops,
          nicolae_shop_hallway_stairs, bh_walls_and_bars
D:4:      layout_cave_pods, nzn_random_ring
D:5:      layout_loops_cross
D:6:      layout_loops_cross
D:7:      layout_loops_corners, minmay_temple_entry_offerings
D:8:      layout_loops_ring, amcnicky_altar_gilded,
          nicolae_ru_the_path_less_chosen, uniq_joseph, uniq_prince_ribbit1
D:9:      layout_grid_maze, xom_shifter_show, dreamdust_princess_bridge,
          minmay_misc_feat_x, uniq_maggie, uniq_harold
D:10:     layout_basic, mainiacjoe_overflow_boulevard, david_lair_shrubbed,
          hangedman_fish_farm, uniq_maurice
D:11:     layout_basic, serial_shops, nicolae_diamond_shop,
          hangedman_decor_growths
D:12:     layout_layer_cave, orc_0_dummy, nzn_ghost_randoct,
          fake_guardian_serpent_vault
D:13:     layout_loops_ring
D:14:     hangedman_arrow_trap, layout_basic, david_vaults_1, nicolae_sextant,
          uniq_frances, uniq_nessos
Temple:   dpeg_five_rooms_temple
Lair:1:   layout_cave_pods, minivault_26, beast_lair_carwin_6,
          infiniplex_staircase_pool_2, serial_bayou_shore_a
Lair:2:   layout_loops_ring, serial_bayou_ford_a, columned_hall_lemuel,
          grunt_forest_large_clearings
Lair:3:   statuecave_lemuel, layout_cave_pods, grunt_megastairs_3
Lair:4:   layout_small_grid, minmay_shoals_entry_lonely_mermaid,
          guppyfry_snake_entry_garden, beast_lair_carwin_1, uniq_nergalle
Lair:5:   layout_layer_cave, chequers_serial_rivers_small_b,
          serial_bayou_shore_b
Lair:6:   hangedman_lair_in_review, layout_long_grid, guppyfry_lair_end_dragon,
          slime_dummy, serial_bayou_pond_e, chequers_serial_rivers_micro_a,
          uniq_kirke
Shoals:1: layout_shoals, wheals_shoals_ruined_temple
Shoals:2: layout_shoals, nicolae_shoals_nymph_descending_staircase, uniq_ilsuiw
Shoals:3: layout_shoals, hellmonk_ghost_happy_afterlife, nicolae_stop_n_shop_2,
          uniq_polyphemus
Shoals:4: shoals_end_hellmonk_lost_city, serial_shops, uniq_bai_suzhen
Snake:1:  layout_onion, uniq_asterion, uniq_aizul, uniq_roxanne
Snake:2:  layout_rooms
Snake:3:  layout_onion_interference, ebering_ghost_reflecting_pool,
          nicolae_snake_gridmaze_spiral
Snake:4:  minmay_snake_end_coiled, layout_onion, minmay_shop_star
Orc:1:    layout_caves
Orc:2:    grunt_orc_cross, layout_diamond_mine, serial_shops,
          nicolae_shop_statue_plus, led_sif_book
Vaults:1: portal_desolation_entry_garden, vaults_dpeg_ring, st_cells,
          v_pattern_5, nicolae_vaults_twisting_passages,
          ontoclasm_vaults_hangar, hangedman_vaults_trim,
          grunt_vaults_hallway_short, v_misc_23, hangedman_vaults_pinch,
          nicolae_vaults_what_the_h, nicolae_vaults_rhombus_5,
          grunt_vaults_funnel, layout_vaults_ring, serial_shops,
          nicolae_shop_temple_entry_statues_fountains
Vaults:2: gammafunk_ghost_mausoleum, v_rooms_3, v_misc_16, v_alt_pattern_1,
          nicolae_vaults_circle_grid_b, nicolae_vaults_network_quinsquares
          [nicolae_vaults_network_quincunx_subvault,
          nicolae_vaults_network_quincunx_subvault,
          nicolae_vaults_network_quincunx_subvault,
          nicolae_vaults_network_quincunx_subvault],
          vaults_room_mumra_shop_pool, v_misc_2, v_misc_24,
          vaults_room_glass_cross, v_rooms_2, grunt_vaults_diagonal,
          ontoclasm_vaults_decontamination, grunt_vaults_hallway_long,
          grunt_vaults_hallway_short, layout_vaults_big_cross, serial_shops,
          shop, uniq_jory
Vaults:3: gammafunk_ghost_smash, v_misc_13, minmay_crypt_entry_vampire_xt,
          vaults_dpeg_cross, hangedman_vaults_maws, v_misc_18,
          dpeg_vaults_monster_row, v_misc_17, hangedman_vaults_river_flow,
          hangedman_vaults_variations, v_misc_24, nicolae_vaults_alarming,
          layout_vaults_omnibox

Skill      XL: |  1  2  3  4  5  6  7  8  9 10 11 12 13 14 15 16 17 18 19 20 |
---------------+-------------------------------------------------------------+-----
Stealth        | 3 4 5 7 8 9 10 11 12 13 14 15 16 | 16.6
Fighting       | 1 2 3 4 5 6 7 8 9 10 11 | 11.8
Short Blades   | 1 |  1.8
Hexes          | 1 2 3 4 5 7 8 9 10 12 13 14 16 17 18 | 18.1
Conjurations   | 5 6 7 8 9 10 11 12 13 14 15 16 | 16.9
Dodging        | 3 4 5 6 7 8 9 10 11 12 | 12.0
Spellcasting   | 3 4 5 6 7 8 9 10 11 | 11.8
Translocations | 2 3 5 6 7 9 10 11 | 11.3
Earth Magic    | 1 4 6 8 9 10 11 | 11.7
Transmutations | 4 6 7 9 10 11 | 11.5

Action                   |  1- 3 |  4- 6 |  7- 9 | 10-12 | 13-15 | 16-18 | 19-21 || total
-------------------------+-------+-------+-------+-------+-------+-------+-------++-------
Melee: Unarmed           |    11 |       |       |       |       |       |       ||    11
       Constrict         |    12 |    10 |     6 |    24 |    15 |    23 |    46 ||   136
       Tentacles         |     9 |     7 |     3 |    50 |    38 |    63 |    86 ||   256
       Dagger            |    17 |    38 |     5 |    56 |    39 |   137 |     3 ||   295
       Punch             |     1 |     1 |     1 |     3 |     5 |     6 |     6 ||    23
       Staff             |       |       |    11 |    52 |    48 |    65 |   143 ||   319
       Trident           |       |       |       |     9 |     8 |    21 |       ||    38
       Maul              |       |       |       |       |       |       |   104 ||   104
       Halberd           |       |       |       |       |       |       |     4 ||     4
 Cast: Magic Dart        |    37 |       |       |       |       |       |       ||    37
       Searing Ray       |     7 |    37 |    36 |    27 |    28 |     8 |       ||   143
       Fulminant Prism   |       |       |    35 |   134 |   338 |    74 |    17 ||   598
       Iskenderun's Myst |       |       |     5 |    17 |    70 |    46 |    12 ||   150
       Irradiate         |       |       |       |       |    31 |   272 |   110 ||   413
       Mephitic Cloud    |       |       |       |       |    16 |     8 |     5 ||    29
       Cause Fear        |       |       |       |       |     1 |     7 |       ||     8
       Iron Shot         |       |       |       |       |       |   163 |    60 ||   223
       Statue Form       |       |       |       |       |       |    52 |    78 ||   130
       Orb of Destructio |       |       |       |       |       |       |     5 ||     5
Invok: Call Merchant     |       |       |       |     1 |     2 |       |       ||     3
       Potion Petition   |       |       |       |       |       |     5 |       ||     5
Evoke: Wand              |       |       |     3 |    12 |     1 |     7 |       ||    23
       Tin of tremorston |       |       |       |       |       |     4 |       ||     4
       Condenser vane    |       |       |       |       |       |     1 |       ||     1
  Use: Scroll            |       |     6 |    13 |    10 |    10 |     9 |     6 ||    54
       Potion            |       |       |       |       |     1 |    21 |     1 ||    23
 Stab: Sleeping          |     3 |     3 |       |       |     1 |     7 |    17 ||    31
       Distracted        |       |       |       |     1 |     1 |     3 |     5 ||    10
       Confused          |       |       |       |       |     1 |     1 |     1 ||     3
Armor: Skin              |     6 |     2 |    13 |    35 |    53 |   577 |   477 ||  1163
Dodge: Dodged            |    45 |    31 |    89 |   244 |   370 |  1875 |   941 ||  3595
Block: Other             |       |       |       |       |       |       |   222 ||   222
       Reflection        |       |       |       |       |       |       |    12 ||    12

Table legend: (Time is in decaauts)
 A = Elapsed time spent in this place.
 B = Non-inter-level travel time spent in this place.
 C = Inter-level travel time spent in this place.
 D = Time resting spent in this place.
 E = Time spent auto-exploring this place.
 F = Levels seen in this place.
 G = Mean time per level.
                   A        B        C        D        E       F      G
               +--------+--------+--------+--------+--------+-----+--------+
         Total |  94268 |  91207 |   3061 |  43361 |  33313 |  36 | 2618.6 |
       Dungeon |  27948 |  26691 |   1257 |   9812 |  13532 |  14 | 1996.3 |
        Temple |    207 |    179 |     28 |      0 |    165 |   1 |  207.0 |
          Lair |  19984 |  19128 |    856 |  10696 |   5894 |   6 | 3330.7 |
        Shoals |  14254 |  14017 |    237 |   6239 |   5385 |   4 | 3563.5 |
     Snake Pit |  18254 |  17793 |    461 |  10963 |   4202 |   4 | 4563.5 |
  Orcish Mines |   3424 |   3255 |    169 |   1800 |    871 |   2 | 1712.0 |
        Vaults |   6392 |   6341 |     51 |   1984 |   2829 |   3 | 2130.7 |
         Abyss |   1148 |   1148 |      0 |    622 |      8 |   1 | 1148.0 |
    Desolation |   2654 |   2654 |      0 |   1244 |    426 |   1 | 2654.0 |
               +--------+--------+--------+--------+--------+-----+--------+

Top non-repeatable levels by time:
 Snake:1: 7360 daAuts
Shoals:3: 5461 daAuts
 Snake:3: 5032 daAuts
  Lair:6: 4857 daAuts
Shoals:2: 4353 daAuts
  Lair:4: 4315 daAuts
 Snake:4: 3871 daAuts
    D:11: 3644 daAuts
  Lair:1: 3404 daAuts
    D:14: 3376 daAuts
     D:9: 3331 daAuts
Vaults:2: 3327 daAuts
  Lair:5: 3001 daAuts
    D:10: 2981 daAuts
Shoals:4: 2746 daAuts
